 Dungeon Crawl Stone Soup version 0.18.1-48-g4cf74bf (webtiles) character file.

5017 Jerry the Nimble (level 10, -1/67 HPs)
             Began as a Demonspawn Gladiator on Aug 5, 2016.
             Was a Believer of Yredelemnul.
             Slain by a six-headed hydra (8 damage)
             ... on level 8 of the Dungeon.
             The game lasted 00:36:07 (7310 turns).

Jerry the Nimble (Demonspawn Gladiator)             Turns: 7310, Time: 00:36:08

Health: -1/67      AC: 32    Str: 19    XL:     10   Next: 30%
Magic:  10/10      EV: 18    Int:  9    God:    Yredelemnul [**....]
Gold:   462        SH:  0    Dex: 17    Spells: 0 memorised, 9 levels left

rFire  . . .     SeeInvis .     Q - +0 scimitar (freeze)
rCold  + + .     Gourm    .     v - +7 scale mail "Reklan" {rC+ Str+3 Stlth+}
rNeg   . . .     Faith    .     (no shield)
rPois  .         Spirit   .     (helmet unavailable)
rElec  .         Dismiss  .     M - +2 cloak
rCorr  .         Reflect  .     n - +0 pair of gloves (curse)
SustAt .         Harm     .     B - +0 pair of boots
MR     .....                    l - amulet of rage
Stlth  +.........               p - +5 ring of protection
                                e - +2 ring of evasion

@: not resistant to hostile enchantments, very unstealthy
A: horns 3, iridescent scales 2, cold resistance 1, sturdy frame 1
a: Animate Remains, Recall Undead Slaves, Injury Mirror, Renounce Religion,
Evoke Berserk Rage


You were on level 8 of the Dungeon.
You worshipped Yredelemnul.
Yredelemnul was pleased with you.
You were hungry.

You visited 3 branches of the dungeon, and saw 10 of its levels.

You collected 462 gold pieces.

Inventory:

Hand Weapons
 x - a +1 short sword of electrocution
 Q - a +0 scimitar of freezing (weapon)
Missiles
 L - 5 javelins
 N - a throwing net (quivered)
Armour
 b - a +0 leather armour
 n - a cursed +0 pair of gloves (worn)
 v - the +7 scale mail "Reklan" (worn) {rC+ Str+3 Stlth+}
   (You found it on level 4 of the Dungeon)

   It affects your strength (+3).
   It protects you from cold.
   It makes you more stealthy.
 B - a +0 pair of boots (worn)
 I - a +0 buckler
 M - a +2 cloak (worn)
Jewellery
 e - a +2 ring of evasion (left hand)
 k - an uncursed ring of magical power
 l - an amulet of rage (around neck)
 p - a +5 ring of protection (right hand)
 t - an uncursed ring of poison resistance {unknown}
 y - an uncursed ring of stealth {unknown}
 E - an uncursed amulet of harm {unknown}
 J - an uncursed ring of ice {unknown}
Wands
 d - a wand of slowing (18/48)
Scrolls
 a - a scroll of immolation {unknown}
 g - a scroll of magic mapping {unknown}
 h - a scroll of blinking {unknown}
 i - 4 scrolls of random uselessness {unknown}
 j - 8 scrolls of identify
 m - 3 scrolls of fear {unknown}
 o - a scroll of teleportation {unknown}
 q - 4 scrolls of remove curse {unknown}
 r - a scroll of enchant armour {unknown}
 G - a scroll of amnesia {unknown}
 K - a scroll of silence {unknown}
Potions
 c - a potion of brilliance
 u - 6 potions of curing
 C - 4 potions of flight {unknown}
 D - a potion of heal wounds {unknown}
 F - 2 potions of haste {unknown}
 O - a potion of lignification {unknown}
Books
 z - a book of Necromancy

   Spells                             Type                      Level
   a - Pain                           Necromancy                   1
   b - Animate Skeleton               Necromancy                   1
   c - Vampiric Draining              Necromancy                   3
   d - Regeneration                   Charms/Necromancy            3
   e - Animate Dead                   Necromancy                   4
   f - Control Undead                 Necromancy                   4
Comestibles
 f - 7 bread rations
 w - 3 meat rations
 H - 10 slices of pizza


   Skills:
 - Level 2.0 Fighting
 - Level 5.5(6.6) Short Blades
 + Level 5.6(6.7) Long Blades
 - Level 1.7 Throwing
 + Level 8.4 Armour
 + Level 8.7 Dodging


You had 9 spell levels left.
You didn't know any spells.

Dungeon Overview and Level Annotations

Branches:
Dungeon (8/15)             Temple (1/1) D:6            Lair (1/8) D:8

Altars:
Ashenzari
Cheibriados
Dithmenos
Elyvilon
Fedhas
Gozag
Kikubaaqudgha
Makhleb
Nemelex Xobeh
Okawaru
Pakellas
Ru
Sif Muna
Trog
Vehumet
Xom
Yredelemnul
Zin
The Shining One
Lugonu

Shops:
D:2 *   D:6 }


Innate Abilities, Weirdness & Mutations

You have a pair of large horns on your head.
You are mostly covered in iridescent scales (AC +6).
Your flesh is cold resistant.
Your movements are slightly less encumbered by armour (ER -2).


Message History

The six-headed hydra bites you but does no damage. x2
The six-headed hydra barely misses you. The six-headed hydra bites you.
* * * LOW HITPOINT WARNING * * *
The six-headed hydra closely misses you.
The six-headed hydra completely misses you.
Your bat skeleton closely misses the iguana.
The iguana bites your bat skeleton.
Your bat skeleton is destroyed!
You fail to use your ability.
The six-headed hydra barely misses you.
The six-headed hydra bites you but does no damage.
The six-headed hydra bites you!
* * * LOW HITPOINT WARNING * * *
The six-headed hydra bites you but does no damage. x2
The six-headed hydra closely misses you.
The iguana bites the plant!
You fail to use your ability.
The six-headed hydra bites you but does no damage. x3
The six-headed hydra bites you!
You die...
Your body rises from the dead as a mindless zombie.

#)######.#.# #...# #.#
####.###....#.##### ##..# #.'
......##.####.....# #.># #..
............#.....# ##.# #..
.......#.##.#.....#####.#######..
.......#..#.#P.....#.............
..........#...P.P..PP#..÷........
......####.P.P.P....PP..÷.......#
......+.....P...@.......÷÷......#
......###..P.PPPDP.P..P.........#
..........P.P.##l#..÷...........#
########...P.P#)[#...P...[......#
#..P...#>.#P.P÷..........#
##....P####.P.P..#########
#P..P.P.PPP.P...#
##..P.P.....P...#
#........P....##


You could see a six-headed hydra and an iguana.

Vanquished Creatures
  Pikel (D:7)
  The ghost of Jerry the Ducker, a novice DsGl (D:3)
  A wyvern (D:8)
  5 yaks
  Grum (D:8)
  Menkaure (D:5)
  A sky beast (D:6)
  A phantom (D:8)
  3 slaves (D:7)
  2 black bears (D:8)
  3 orc warriors (D:8)
  2 ice beasts
  3 ogres
  2 wolves (D:8)
  3 centaurs
  A big kobold (D:7)
  2 giant frogs
  A water moccasin skeleton (D:6)
  2 scorpions (D:6)
  2 crimson imps
  A giant frog zombie (D:4)
  5 hounds
  Crazy Yiuf (D:7)
  4 centaur zombies (D:4)
  2 jellies
  3 orc priests (D:3)
  6 orc wizards
  2 gnoll shamans (D:6)
  Terence (D:3)
  7 worker ants
  2 hound skeletons
  3 worker ant zombies
  13 gnolls
  4 adders
  2 river rats (D:8)
  2 shadow imps (D:6)
  7 worms
  2 adder skeletons (D:4)
  4 dart slugs
  4 giant geckos
  21 orcs
  16 bats
  6 giant cockroaches
  2 gnoll zombies (D:5)
  3 goblins
  10 hobgoblins
  7 jackals
  5 quokkas
  4 ball pythons
  A giant newt (D:2)
  3 jackal skeletons
  4 jackal zombies (D:4)
  11 kobolds
  2 quokka skeletons (D:8)
  21 rats
229 creatures vanquished.

Vanquished Creatures (others)
  A human (D:8)
  A bat skeleton (D:8)
2 creatures vanquished.

Grand Total: 231 creatures vanquished

Notes
Turn   | Place    | Note
--------------------------------------------------------------
     0 | D:1      | Jerry the Demonspawn Gladiator began the quest for the Orb.
     0 | D:1      | Reached XP level 1. HP: 16/16 MP: 1/1
   168 | D:1      | Gained mutation: You are partially covered in iridescent scales (AC +4). [demonic ancestry]
   168 | D:1      | Reached XP level 2. HP: 20/22 MP: 2/2
   718 | D:1      | Gained mutation: You are mostly covered in iridescent scales (AC +6). [demonic ancestry]
   718 | D:1      | Reached XP level 3. HP: 27/27 MP: 3/3
   783 | D:2      | Reached skill level 1 in Armour
  1017 | D:2      | Found an ancient bone altar of Kikubaaqudgha.
  1838 | D:2      | Found Gozag's Platinum Reserve.
  1839 | D:2      | Found an opulent altar of Gozag.
  2134 | D:2      | Reached XP level 4. HP: 31/33 MP: 4/4
  2360 | D:3      | Noticed Terence
  2372 | D:3      | Killed Terence
  2483 | D:3      | Gained mutation: You have a pair of small horns on your head. [demonic ancestry]
  2483 | D:3      | Reached XP level 5. HP: 38/38 MP: 5/5
  2679 | D:3      | Noticed Jerry's ghost (novice DsGl)
  2696 | D:3      | Found a bloodstained altar of Trog.
  2942 | D:3      | Gained mutation: You have a pair of horns on your head. [demonic ancestry]
  2942 | D:3      | Reached XP level 6. HP: 39/44 MP: 6/6
  3010 | D:3      | Killed Jerry's ghost
  3010 | D:3      | Reached XP level 7. HP: 50/50 MP: 7/7
  3057 | D:3      | Reached skill level 5 in Long Blades
  3061 | D:3      | Reached skill level 5 in Dodging
  3758 | D:4      | Got a transparent scale mail
  3769 | D:4      | Identified the +7 scale mail "Reklan" {rC+ Str+3 Stlth+} (You found it on level 4 of the Dungeon)
  4161 | D:4      | Reached XP level 8. HP: 56/56 MP: 8/8
  4167 | D:4      | Reached skill level 5 in Armour
  4370 | D:5      | Entered Level 5 of the Dungeon
  4415 | D:5      | Found a glowing golden altar of the Shining One.
  4415 | D:5      | Found a glowing silver altar of Zin.
  4415 | D:5      | Found a white marble altar of Elyvilon.
  4470 | D:5      | Found a shattered altar of Ashenzari.
  4517 | D:5      | Noticed Menkaure
  4519 | D:5      | Killed Menkaure
  4519 | D:5      | Reached skill level 1 in Short Blades
  5004 | D:5      | Found a radiant altar of Vehumet.
  5072 | D:5      | Found a basalt altar of Yredelemnul.
  5423 | D:6      | Gained mutation: Your movements are slightly less encumbered by armour (ER -2). [mutagenic meat]
  5424 | D:6      | Gained mutation: You have a pair of large horns on your head. [mutagenic meat]
  5495 | D:6      | Found a snail-covered altar of Cheibriados.
  5534 | D:6      | Found a shadowy altar of Dithmenos.
  5648 | D:6      | Found an oddly glowing altar of Pakellas.
  5648 | D:6      | Found Pakellas's Prime Provisions.
  5727 | D:6      | Found a staircase to the Ecumenical Temple.
  5741 | Temple   | Entered the Ecumenical Temple
  5881 | D:5      | Became a worshipper of Yredelemnul the Dark
  5966 | D:7      | Reached XP level 9. HP: 48/61 MP: 9/9
  6213 | D:7      | Noticed Pikel
  6453 | D:7      | Noticed Crazy Yiuf
  6462 | D:7      | Killed Crazy Yiuf
  6509 | D:7      | Killed Pikel
  6578 | D:8      | Reached skill level 5 in Short Blades
  6732 | D:8      | Reached * piety under Yredelemnul
  6887 | D:8      | Gained mutation: Your flesh is cold resistant. [demonic ancestry]
  6887 | D:8      | Reached XP level 10. HP: 67/67 MP: 10/10
  7020 | D:8      | Noticed Grum
  7036 | D:8      | Killed Grum
  7044 | D:8      | Reached ** piety under Yredelemnul
  7077 | D:8      | Found a staircase to the Lair.
  7102 | D:8      | Found an ancient bone altar of Kikubaaqudgha.
  7286 | Lair:1   | Entered Level 1 of the Lair of Beasts
  7288 | Lair:1   | Noticed a five-headed hydra
  7310 | D:8      | Slain by a six-headed hydra

Skill      XL: |  1  2  3  4  5  6  7  8  9 |
---------------+----------------------------+-----
Dodging        | 3 4 5 6 8 |  8.7
Long Blades    | 3 4 5 |  5.6
Armour         | 1 2 3 4 6 8 |  8.4
Short Blades   | 3 5 |  5.5
Fighting       | |  2.0
Throwing       | |  1.7

Action                   |  1- 3 |  4- 6 |  7- 9 | 10-12 || total
-------------------------+-------+-------+-------+-------++-------
Melee: Long sword        |   126 |       |       |       ||   126
       Dagger            |    56 |     8 |       |       ||    64
       Short sword       |       |   130 |   376 |    38 ||   544
       Headbutt          |       |    11 |   101 |    19 ||   131
       Scimitar          |       |       |       |    55 ||    55
Throw: Throwing net      |       |     1 |     2 |       ||     3
Invok: Animate Remains   |       |       |       |     1 ||     1
 Abil: Evoke Berserk Rag |       |       |     4 |       ||     4
  Use: Potion            |       |     3 |       |     4 ||     7
       Scroll            |       |       |     2 |       ||     2
 Stab: Sleeping          |     1 |       |       |       ||     1
       Held in net/web   |       |     1 |       |       ||     1
       Invisible         |       |     3 |     2 |       ||     5
  Eat: Chunk             |     3 |     4 |    18 |     1 ||    26
Armor: Leather armour    |    55 |    44 |    16 |       ||   115
       Scale mail        |       |       |   122 |    82 ||   204
Dodge: Dodged            |   133 |    91 |   257 |   206 ||   687
